 Dungeon Crawl Stone Soup version 0.31-a0-236-g9a0961fb85 (webtiles) character file.

Game seed: 2906296726936583815

316 qw the Shooter (level 6, -4/35 HPs)
             Began as a Gargoyle Hexslinger on July 10, 2023.
             Slain by Duvessa
             ... wielding a +0 short sword
              (5 damage)
             ... on level 4 of the Dungeon.
             The game lasted 00:01:21 (2411 turns).

qw the Shooter (Gargoyle Hexslinger)                Turns: 2411, Time: 00:01:21

Health: -4/35      AC: 12    Str: 12    XL:     6   Next: 44%
Magic:  7/7        EV: 10    Int: 13    God:
Gold:   129        SH:  0    Dex: 14    Spells: 6/7 levels left

rFire   + . .        Y - +1 sling
rCold   . . .        (no shield)
rNeg    + . .        g - +0 ring mail
rPois   inf          c - +0 helmet
rElec   +            (no cloak)
rCorr   .            l - +0 pair of gloves
SInv    .            (no boots)
Will    .....        (no amulet)
Stlth   +            o - ring of protection from fire
HPRegen 0.25/turn    (no ring)
MPRegen 0.10/turn

%: no passive effects
@: lit by a corona, glowing
A: sickness immunity, AC +4, negative energy resistance 1, electricity
resistance, torment resistance 1, petrification resistance
a: no special abilities


You were on level 4 of the Dungeon.
You visited 1 branch of the dungeon, and saw 4 of its levels.

You collected 129 gold pieces.


Innate Abilities, Weirdness & Mutations

You are immune to sickness and miasma.
Your stone body is resilient. (AC +4)
You are immune to poison.
You resist negative energy. (rN+)
You are resistant to electric shocks. (rElec)
You are resistant to unholy torment.
You are immune to petrification.


   Skills:
 - Level 2.0 Fighting
 + Level 4.7 Ranged Weapons
 - Level 4.4 Armour
 - Level 1.5 Dodging
 - Level 1.0 Spellcasting
 - Level 2.6 Hexes


You had 6 spell levels left.
You knew the following spells:

 Your Spells              Type           Power      Damage    Failure   Level
a - Slow                  Hex            28%        N/A       21%         1

Your spell library contained the following spells:

 Spells                   Type           Power      Damage    Failure   Level
 Inner Flame              Hex/Fire       4%         N/A       71%         3
 Portal Projectile        Hex/Tloc       8%         N/A       71%         3
 Cause Fear               Hex            3%         N/A       89%         4

Inventory:

Hand Weapons
 Y - a +1 sling (weapon)
Armour
 c - a +0 helmet (worn)
 g - a +0 ring mail (worn)
 l - a +0 pair of gloves (worn)
Jewellery
 o - a ring of protection from fire (left hand)
Scrolls
 b - a scroll of identify
 j - a scroll of teleportation
Potions
 a - a potion of berserk rage {unknown}
 d - a potion of curing
 e - a potion of might {unknown}
 h - a potion of mutation {unknown}
 k - 3 potions of cancellation
 n - a potion of degeneration {unknown}

Dungeon Overview and Level Annotations

Branches:
Dungeon (4/15)
 Temple: D:4-7

Altars:
Kikubaaqudgha
Nemelex Xobeh
Trog
Vehumet

Annotations:
D:4 Dowan, Duvessa, Grinder


Message History

Duvessa hits you with a +0 short sword.
Dowan zaps a wand.
You hear a grinding noise.
You shoot a sling bullet. The sling bullet barely misses Duvessa.
Duvessa hits you with a +0 short sword! The orc hits you with a +0 falchion.
Duvessa barely misses you. The orc misses you.
You shoot a sling bullet. The sling bullet barely misses Duvessa.
Duvessa hits you with a +0 short sword. The orc hits you with a +0 falchion.
You shoot a sling bullet.
The sling bullet hits Duvessa but does no damage.
Duvessa is moderately wounded.
The orc barely misses you.
Duvessa zaps a wand.
The puff of flame hits you. You resist.
Grinder breaks down the door.
You shoot a sling bullet. The sling bullet hits Duvessa.
Duvessa is moderately wounded.
Duvessa hits you but does no damage. The orc hits you but does no damage.
You shoot a sling bullet. The sling bullet barely misses Duvessa.
The sling bullet hits Dowan but does no damage.
The orc hits you but does no damage.
Grinder blinks!
The orc hits you but does no damage. Duvessa hits you with a +0 short sword.
Dowan gestures at Duvessa while chanting.
Duvessa seems to speed up.
You shoot a sling bullet.
The sling bullet closely misses Duvessa.
Duvessa closely misses you. The orc hits you but does no damage.
Grinder says, "Don't move a muscle."
Grinder blinks!
Duvessa zaps a wand.
The puff of flame hits you. You resist.
You shoot a sling bullet. The sling bullet barely misses Duvessa.
Duvessa zaps a wand.
The puff of flame hits you but does no damage.
The orc hits you but does no damage.
Dowan points at you and mumbles some strange words.
You are outlined in light.
Duvessa hits you but does no damage.
You shoot a sling bullet.
The sling bullet hits Duvessa but does no damage.
Duvessa is moderately wounded.
Duvessa zaps a wand.
The puff of flame hits you. You resist. Dowan hits you with a +0 dagger.
The orc hits you with a +0 falchion. The orc completely misses you.
Dowan hits you with a +0 dagger. Duvessa hits you with a +0 short sword.
You die...

# .# .
#####.#.. #
#........
#.##.....#.#
#...ee...'..
#########@o...#
#<......'5....+
#########.....#
#.....# #.....#
#.....#
##......
.###### .#


You could see Grinder, Duvessa (fast), Dowan and an orc.

Vanquished Creatures
  Sigmund (D:3)
  Jessica (D:3)
  Terence (D:3)
  Robin (D:3)
  2 adders
  2 worms
  2 dart slugs (D:1)
  4 ball pythons
  3 bats
  7 endoplasms
  3 giant cockroaches (D:1)
  6 goblins
  14 hobgoblins
  6 frilled lizards
  8 kobolds
  7 rats
68 creatures vanquished.

Notes
Turn   | Place    | Note
-------+----------+-------------------------------------------
     0 | D:1      | qw the Gargoyle Hexslinger began the quest for the Orb.
     0 | D:1      | Reached XP level 1. HP: 12/12 MP: 2/2
     0 | D:1      | 0 ||| qw: Version: 0.3-a-51-g015441d
     0 | D:1      | 0 ||| qw: Game counter: 4466
     0 | D:1      | 0 ||| qw: Melee chars always use a shield: true
     0 | D:1      | 0 ||| qw: God list: Okawaru
     0 | D:1      | 0 ||| qw: Allow faded altars: false
     0 | D:1      | 0 ||| qw: Do Orc after clearing Dungeon:15 true
     0 | D:1      | 0 ||| qw: Do second Lair branch before Depths: true
     0 | D:1      | 0 ||| qw: Lair rune preference: random
     0 | D:1      | 0 ||| qw: Goals: Normal
     0 | D:1      | 0 ||| PLANNING D:1-11
    94 | D:1      | 94 ||| FLEEEEING.
    95 | D:1      | 95 ||| FLEEEEING.
    96 | D:1      | 96 ||| FLEEEEING.
    97 | D:1      | 97 ||| FLEEEEING.
    98 | D:1      | 98 ||| FLEEEEING.
   116 | D:1      | Reached XP level 2. HP: 15/16 MP: 3/3
   193 | D:1      | Found a faded altar of an unknown god.
   245 | D:1      | Reached skill level 3 in Ranged Weapons
   616 | D:1      | Reached XP level 3. HP: 20/21 MP: 4/4
   662 | D:1      | 662 ||| READING scroll labelled HAC VOMOR SECK.
   663 | D:1      | 663 ||| READING scroll labelled FOEMNU GEDIPP.
   664 | D:1      | 664 ||| READING scroll labelled LICIEFU NENAW.
   665 | D:1      | 665 ||| READING scroll labelled QERIUJ ANYIW.
   666 | D:1      | 666 ||| READING 2 scrolls labelled QUQAID ZITWUM.
   671 | D:1      | 671 ||| READING scroll labelled OTIEDU ELUUKK.
   672 | D:1      | 672 ||| DRINKING 2 ruby potions.
   673 | D:1      | 673 ||| DRINKING 2 bubbling red potions.
   674 | D:1      | 674 ||| DROPPING scroll of poison.
  1407 | D:2      | 1407 ||| UPGRADING to +0 leather armour.
  1417 | D:2      | 1417 ||| DROPPING +0 robe.
  1418 | D:2      | 1418 ||| UPGRADING to +0 ring mail.
  1428 | D:2      | 1428 ||| DROPPING +0 leather armour.
  1455 | D:3      | Noticed Robin
  1456 | D:3      | Reached XP level 4. HP: 26/26 MP: 5/5
  1472 | D:3      | Killed Robin
  1477 | D:3      | HP: 6/26 [hobgoblin[Robin] (4)]
  1478 | D:3      | 1478 ||| READING scroll of teleportation.
  1482 | D:3      | 1482 ||| FLEEEEING.
  1483 | D:3      | 1483 ||| FLEEEEING.
  1484 | D:3      | 1484 ||| FLEEEEING.
  1485 | D:3      | 1485 ||| FLEEEEING.
  1486 | D:3      | 1486 ||| FLEEEEING.
  1487 | D:3      | 1487 ||| FLEEEEING.
  1489 | D:3      | 1489 ||| FLEEEEING.
  1490 | D:3      | 1490 ||| FLEEEEING.
  1491 | D:3      | 1491 ||| FLEEEEING.
  1492 | D:3      | 1492 ||| FLEEEEING.
  1493 | D:3      | 1493 ||| FLEEEEING.
  1494 | D:3      | 1494 ||| FLEEEEING.
  1495 | D:3      | 1495 ||| FLEEEEING.
  1496 | D:3      | 1496 ||| STAIRDANCE
  1662 | D:3      | Found a sparkling altar of Nemelex Xobeh.
  1687 | D:3      | Noticed Sigmund
  1699 | D:3      | Killed Sigmund
  1700 | D:3      | Reached XP level 5. HP: 18/30 MP: 6/6
  1700 | D:3      | Reached XP level 6. HP: 21/35 MP: 7/7
  1700 | D:3      | 1700 ||| FLEEEEING.
  1701 | D:3      | 1701 ||| FLEEEEING.
  1702 | D:3      | 1702 ||| FLEEEEING.
  1703 | D:3      | 1703 ||| FLEEEEING.
  1704 | D:3      | 1704 ||| FLEEEEING.
  1705 | D:3      | 1705 ||| FLEEEEING.
  1706 | D:3      | 1706 ||| FLEEEEING.
  1707 | D:3      | 1707 ||| FLEEEEING.
  1708 | D:3      | 1708 ||| FLEEEEING.
  1709 | D:3      | 1709 ||| FLEEEEING.
  1710 | D:3      | 1710 ||| FLEEEEING.
  1711 | D:3      | 1711 ||| FLEEEEING.
  1712 | D:3      | 1712 ||| FLEEEEING.
  1713 | D:3      | 1713 ||| FLEEEEING.
  1714 | D:3      | 1714 ||| FLEEEEING.
  1715 | D:3      | 1715 ||| FLEEEEING.
  1716 | D:3      | 1716 ||| FLEEEEING.
  1717 | D:3      | 1717 ||| FLEEEEING.
  1718 | D:3      | 1718 ||| FLEEEEING.
  1719 | D:3      | 1719 ||| FLEEEEING.
  1720 | D:3      | 1720 ||| FLEEEEING.
  1721 | D:3      | 1721 ||| FLEEEEING.
  1722 | D:3      | 1722 ||| FLEEEEING.
  1723 | D:3      | 1723 ||| FLEEEEING.
  1724 | D:3      | 1724 ||| FLEEEEING.
  1725 | D:3      | 1725 ||| FLEEEEING.
  1726 | D:3      | 1726 ||| FLEEEEING.
  1727 | D:3      | 1727 ||| STAIRDANCE
  1754 | D:2      | 1754 ||| UPGRADING to +0 helmet.
  1832 | D:3      | Found a radiant altar of Vehumet.
  1833 | D:3      | Found an ancient bone altar of Kikubaaqudgha.
  1835 | D:3      | Found a bloodstained altar of Trog.
  1887 | D:3      | Noticed Terence
  1912 | D:3      | Killed Terence
  2062 | D:3      | Noticed Jessica
  2072 | D:3      | Killed Jessica
  2366 | D:3      | 2366 ||| UPGRADING to +0 pair of gloves.
  2371 | D:3      | 2371 ||| DROPPING ring of wizardry.
  2372 | D:3      | 2372 ||| UPGRADING to ring of protection from fire.
  2373 | D:3      | 2373 ||| READING 2 scrolls labelled CUVOTO YKHUTT.
  2374 | D:3      | 2374 ||| DRINKING 2 lumpy yellow potions.
  2375 | D:3      | 2375 ||| DRINKING 2 potions of curing.
  2375 | D:3      | 2375 ||| (to cure confusion)
  2376 | D:3      | 2376 ||| DROPPING potion of ambrosia.
  2377 | D:3      | 2377 ||| DROPPING scroll of revelation.
  2396 | D:4      | Noticed Duvessa
  2398 | D:4      | Noticed Grinder
  2402 | D:4      | Noticed Dowan
  2411 | D:4      | HP: 5/35 [Dowan/+0 dagger (5)]
  2411 | D:4      | HP: 2/35 [orc/+0 falchion (3)]
  2411 | D:4      | Slain by Duvessa

Levels and vault maps discovered:
D:1:      amcnicky_arrival_choice, layout_basic,
          hellmonk_ecumenical_altar_pennies_from_heaven
D:2:      layout_loops_ring
D:3:      layout_loops_cross, grunt_temple_overflow_open,
          nemelex_spade_bored_becter, kennysheep_generic_room_16, uniq_jessica,
          uniq_terence, uniq_robin, uniq_sigmund
D:4:      layout_basic, cheibriados_altar_1, dilly_guarded_unrand_devastator,
          uniq_duvessa, uniq_grinder

Skill      XL: |  1  2  3  4 |
---------------+-------------+-----
Ranged Weapons | 3 4 |  4.7
Fighting       | 2 |  2.0
Armour         | 4 |  4.4
Dodging        | |  1.5
Spellcasting   | |  1.0
Hexes          | |  2.6

Action                     |  1- 3 |  4- 6 || total
---------------------------+-------+-------++-------
   Fire: Sling             |   145 |   157 ||   302
    Use: Scroll            |     6 |     2 ||     8
         Potion            |     2 |     2 ||     4
 Armour: Robe              |    16 |       ||    16
         Ring mail         |       |    48 ||    48
  Dodge: Dodged            |    38 |    67 ||   105

Table legend:
 A = Non-vault XP
 B = Vault XP
 C = Vault XP percentage of total XP
 D = Non-vault monster count
 E = Vault monster count
 F = Vault count percentage of total count
                 A         B        C        D         E       F
            +---------+---------+-------+---------+---------+-------
      Total |     120 |     332 |  73.5 |      54 |      14 |  20.6
            +---------+---------+-------+---------+---------+-------
        D:1 |      39 |       0 |   0.0 |      22 |       0 |   0.0
        D:2 |      41 |       0 |   0.0 |      16 |       0 |   0.0
        D:3 |      38 |     332 |  89.7 |      15 |      14 |  48.3
        D:4 |       2 |       0 |   0.0 |       1 |       0 |   0.0
            +---------+---------+-------+---------+---------+-------
